 Dungeon Crawl Stone Soup version 0.16.2-12-gd0ad4c3 (webtiles) character file.

700311 faibistes the Archmage (level 27, -6/163 HPs)
             Began as a Deep Elf Wizard on May 2, 2019.
             Was the Champion of Sif Muna.
             Mangled by a Killer Klown (27 damage)
             ... on level 5 of the Realm of Zot.
             The game lasted 06:32:49 (125595 turns).

faibistes the Archmage (Deep Elf Wizard)          Turns: 125595, Time: 06:32:49

Health: -6/163     AC: 14    Str: 10    XL:     27
Magic:  62/68      EV: 17    Int: 46    God:    Sif Muna [******]
Gold:   7362       SH:  6    Dex: 13    Spells: 12 memorised, 3 levels left

rFire  + + .     SeeInvis .     w - staff of power
rCold  x . .     Clarity  .     I - +0 robe of the Blind Marksman {Str+4 Int+3}
rNeg   . . .     SustAb   .     Y - +3 buckler of Resourcefulness {rPois rC+ Regen+ Str-2 Int+4}
rPois  +         Gourm    .     R - +2 helmet "Skorrio" {rPois Int+2}
rElec  .         Spirit   .     E - +2 cloak {MR+}
rCorr  +         Warding  .     F - +2 pair of gloves
rMut   .         Stasis   .     N - +2 pair of boots
MR     +++..                    t - amulet of Winter {rCorr Str+4}
Stlth  ++........               m - ring of wizardry
                                u - ring of magical power

@: immune to fire clouds, extremely resistant to hostile enchantments,
unstealthy
A: no striking features
a: Channel Energy, Forget Spell, Renounce Religion
}: 4/15 runes: decaying, slimy, silver, gossamer


You were on level 5 of the Realm of Zot.
You worshipped Sif Muna.
Sif Muna was exalted by your worship.
You were not hungry.

You visited 11 branches of the dungeon, and saw 62 of its levels.
You visited the Abyss 1 time.
You also visited: Bailey.

You collected 8920 gold pieces.
You spent 1558 gold pieces at shops.

Inventory:

Hand weapons
 f - the cursed +0 short sword of Cheese {pierce, +Inv rPois SInv}
   (You bought it in a shop on level 4 of the Orcish Mines)

   It inflicts extra damage upon your enemies.
   It protects you from poison.
   It enhances your eyesight.
   It lets you turn invisible.
   It has a curse placed upon it.
Armour
 E - a +2 cloak of magic resistance (worn)
 F - a +2 pair of gloves (worn)
 I - the +0 robe of the Blind Marksman (worn) {Str+4 Int+3}
   (You bought it in a shop on level 2 of the Vaults)

   It affects your strength (+4).
   It affects your intelligence (+3).
 N - a +2 pair of boots (worn)
 R - the +2 helmet "Skorrio" (worn) {rPois Int+2}
   (You found it on level 3 of the Elven Halls)

   It affects your intelligence (+2).
   It protects you from poison.
 Y - the +3 buckler of Resourcefulness (worn) {rPois rC+ Regen+ Str-2 Int+4}
   (You took it off Norris on level 2 of the Swamp)

   It affects your strength (-2).
   It affects your intelligence (+4).
   It protects you from cold.
   It protects you from poison.
   It increases your rate of regeneration.
Magical staves
 w - an uncursed staff of power (weapon)
Rods
 d - a +7 rod of clouds (14/14)
   (You found it on level 6 of the Pits of Slime)
Jewellery
 m - a ring of wizardry (right hand)
 t - the amulet of Winter (around neck) {rCorr Str+4}
   (You found it on level 7 of the Dungeon)

   [amulet of resist corrosion]

   It protects you from acid and corrosion.
   It affects your strength (+4).
 u - a ring of magical power (left hand)
 A - the ring of Xime {rF+ rC+ MR+ Str+4 Int+3}
   (You took it off a deep elf death mage on level 5 of the Vaults)

   [ring of protection from magic]

   It affects your strength (+4).
   It affects your intelligence (+3).
   It protects you from fire.
   It protects you from cold.
   It affects your resistance to hostile enchantments.
 P - the amulet "Ismu" {rMut Str+2 Dex-2 Stlth+}
   (You found it on level 4 of the Depths)

   [amulet of resist mutation]

   It protects you from mutation.
   It affects your strength (+2).
   It affects your dexterity (-2).
   It makes you more stealthy.
Magical devices
 a - a wand of disintegration (11)
 c - a wand of teleportation (7)
 h - a wand of heal wounds (7)
 r - a wand of heal wounds (4)
 v - a wand of invisibility (4)
 x - a wand of invisibility (4)
 H - a wand of enslavement (14)
 O - a wand of fireball (4)
 V - a wand of cold (0)
Scrolls
 b - 5 scrolls of magic mapping
 o - 9 scrolls of recharging
 s - 16 scrolls of teleportation
 y - 37 scrolls of remove curse
 B - 5 scrolls of fog
 D - a scroll of enchant weapon
 J - 9 scrolls of blinking
 Q - 27 scrolls of identify
 U - 2 scrolls of vulnerability
 W - 2 scrolls of holy word
 X - 14 scrolls of fear
 Z - 4 scrolls of summoning
Potions
 e - 6 potions of resistance
 g - 8 potions of curing
 i - 6 potions of magic
 k - 8 potions of cancellation
 n - 13 potions of haste
 p - 8 potions of restore abilities
 q - 2 potions of flight
 z - 9 potions of brilliance
 G - 4 potions of invisibility
 K - 4 potions of cure mutation
 L - a potion of heal wounds
 S - 5 potions of ambrosia
Miscellaneous
 T - a phial of floods
Comestibles
 j - 31 bread rations
 C - 30 royal jellies
 M - 25 meat rations


   Skills:
 + Level 14.3 Fighting
 - Level 10.1 Dodging
 - Level 2.4 Stealth
 O Level 27 Spellcasting
 + Level 21.5 Conjurations
 - Level 12.1 Charms
   Level 3.0 Summonings
 + Level 11.5 Necromancy
 * Level 13.8 Translocations
 * Level 8.4 Transmutations
 + Level 21.6 Fire Magic
 * Level 12.3 Ice Magic
 - Level 4.9 Air Magic
 + Level 21.8 Earth Magic
   Level 4.4 Poison Magic
 - Level 10.0 Invocations
 - Level 9.0 Evocations


You had 3 spell levels left.
You knew the following spells:

 Your Spells              Type           Power        Failure   Level  Hunger
a - Lehudib's Crystal Sp  Conj/Erth      ########..   1%          8    None
b - Ring of Flames        Chrm/Fire      ########..   1%          7    None
d - Blink                 Tloc           N/A          0%          2    None
e - Freezing Cloud        Conj/Ice/Air   ######....   1%          6    None
f - Deflect Missiles      Chrm/Air       #######...   1%          6    None
i - Death's Door          Chrm/Necr      ########..   7%          8    None
k - Airstrike             Air            #######...   1%          4    None
l - Shatter               Erth           ########..   3%          9    None
n - Necromutation         Trmt/Necr      ########..   16%         8    None
v - Bolt of Fire          Conj/Fire      #########.   0%          6    None
x - Force Lance           Conj/Tloc      ########     0%          4    None
z - Fire Storm            Conj/Fire      #########.   3%          9    None


Dungeon Overview and Level Annotations

Branches:
Dungeon (15/15)            Temple (1/1) D:5            Lair (8/8) D:11
  Swamp (5/5) Lair:5       Spider (5/5) Lair:4        Slime (6/6) Lair:6
    Orc (4/4) D:11            Elf (3/3) Orc:4        Vaults (5/5) D:13
  Crypt (0/3) Vaults:3     Depths (5/5) D:15            Zot (5/5) Depths:5

Altars:
Ashenzari
Cheibriados
Dithmenos
Elyvilon
Fedhas
Gozag
Kikubaaqudgha
Makhleb
Nemelex Xobeh
Okawaru
Qazlal
Ru
Sif Muna
Trog
Vehumet
Xom
Yredelemnul
Zin
The Shining One
Beogh
Jiyva

Shops:
D:15 [   Orc:1 }   Orc:4 !(?(   Vaults:2 [   Vaults:5 !

Portals:
Hell: Depths:1 Depths:2 Depths:3 Depths:4 Depths:5
Abyss: Depths:1 Depths:4
Pandemonium: Depths:3
Ziggurat: Depths:2


Message History

The komodo dragon barely misses the swamp drake.
The curse toe calls on the powers of darkness!
The grey draconian shifter convulses!
The green draconian scorcher convulses!
The komodo dragon convulses!
Your body is wracked with pain!
* * * LOW HITPOINT WARNING * * *
The red draconian shifter convulses!
The komodo dragon convulses!
The storm dragon convulses!
The Killer Klown convulses!
The fire dragon convulses!
The Killer Klown convulses!
The swamp drake convulses!
The fire dragon convulses!
The yellow draconian caller convulses!
The red draconian annihilator convulses!
The death cob is engulfed in roaring flames.
The death cob barely misses you. The Killer Klown smiles at you.
The Killer Klown blinks!
The Killer Klown is engulfed in roaring flames.
The Killer Klown sucker-punches you!
* * * LOW HITPOINT WARNING * * *
The Killer Klown shocks you!!
You die...

......
.....#
''...# ++
+'##.#
++'++++'##.#
+...D*+'##<#
+.)/D%%f##.#
+.§lqfqz##.#
+.Dplq@%...#
++'qk+p§f###


++q ++§.# '' ''.# #. ....# # ###### You could see an orb of fire, 2 Killer
Klowns, a storm dragon, a curse toe, 2 draconians, 2 fire dragons, a yellow
draconian caller, a red draconian annihilator, a green draconian scorcher, 3
death cobs, 2 deathcaps, 2 komodo dragons, a wandering mushroom and a swamp
drake.

Vanquished Creatures
  the royal jelly (Slime:6)
  Mara (twice) (Depths:2)
  2 ancient liches
  the Lernaean hydra (Swamp:5)
  Margery (Depths:1)
  Norris (Swamp:2)
  13 golden dragons
  Jory (Depths:4)
  the Enchantress (Depths:3)
  Arachne (Spider:3)
  2 electric golems
  11 tentacled monstrosities
  2 liches
  2 deep elf blademasters
  A Shadow Fiend (Depths:4)
  3 deep elf master archers (Elf:3)
  16 acid blobs
  A quicksilver dragon (Depths:5)
  9 sphinxes
  Rupert (Spider:1)
  Agnes (Swamp:3)
  Frances (Spider:1)
  8 shadow dragons
  10 tengu reavers
  9 draconian monks
  7 storm dragons
  15 azure jellies
  A daeva (Depths:2)
  15 fire giants
  Maud (Lair:8)
  2 iron dragons
  7 frost giants
  14 emperor scorpions
  16 vault wardens
  10 deep elf sorcerers
  10 draconian scorchers
  8 ghost moths
  An orc warlord (Vaults:3)
  3 draconian knights
  5 draconian zealots
  A caustic shrike zombie (Depths:4)
  Gastronok (Lair:2)
  8 draconian annihilators
  27 stone giants
  Jorgrun (Vaults:3)
  7 very ugly things
  10 spriggan defenders
  7 reapers
  2 war gargoyles (Vaults:5)
  5 draconian shifters
  14 ironheart preservers
  A caustic shrike skeleton (Depths:4)
  A draconian caller (Zot:4)
  9 grey draconians
  7 green draconians
  7 mottled draconians
  12 black draconians
  13 pale draconians
  4 dire elephants
  8 deep elf demonologists
  8 purple draconians
  7 red draconians
  16 deep elf annihilators
  10 yellow draconians
  A vampire knight (Depths:4)
  A merfolk javelineer (Depths:1)
  17 deep elf death magi
  An eidolon (Vaults:3)
  7 white draconians
  6 death oozes (Slime:6)
  3 minotaurs
  13 ettins
  Snorg (Lair:8)
  17 fire dragons
  31 vault guards
  A quicksilver dragon zombie (Depths:4)
  8 rakshasas
  22 yaktaur captains
  A caustic shrike simulacrum (Depths:4)
  14 deep elf high priests
  7 death cobs
  Fannar (Orc:2)
  21 hydras
  Harold (D:10)
  10 spriggan air magi
  7 great orbs of eyes
  19 ogre magi
  25 ice dragons
  Erica (Lair:2)
  3 ghost crabs
  12 centaur warriors
  22 dancing weapons
  9 deep troll earth magi
  2 tengu warriors
  9 alligators
  50 death yaks
  A vampire mage (Depths:2)
  A shock serpent (shapeshifter) (Vaults:5)
  11 deep troll shamans
  Urug (Orc:2)
  A titan zombie (Depths:4)
  61 spriggans
  30 deep elf knights
  12 spriggan berserkers
  A soul eater (Depths:4)
  Nergalle (Lair:5)
  7 orc high priests
  A titan skeleton (Depths:4)
  10 skeletal warriors
  10 hell knights
  5 flayed ghosts
  3 golden dragon zombies (Depths:4)
  2 storm dragon skeletons (Vaults:3)
  4 unseen horrors
  7 fire crabs
  An ice devil (Depths:4)
  5 wizards
  30 deep trolls
  12 swamp dragons
  4 death drakes (Depths:5)
  2 giant orange brains
  12 deep elf summoners
  4 iron trolls
  Erolcha (D:8)
  An unseen horror (shapeshifter) (Vaults:1)
  7 spriggan druids (Depths:3)
  A giant orange brain (shapeshifter) (Vaults:3)
  A golden dragon skeleton (Depths:4)
  2 anubis guards (shapeshifter)
  Pikel (D:6)
  2 shambling mangroves
  15 ironbrand convokers
  2 sphinx zombies (Depths:4)
  20 orb spiders
  87 ugly things
  43 orc knights
  4 lindwurms (Depths:5)
  20 deep elf conjurers
  36 wolf spiders
  4 phantasmal warriors
  7 necromancers
  7 orc sorcerers
  14 hill giants
  9 hornets
  9 cyclopes
  4 shining eyes
  A shadow dragon skeleton (Depths:4)
  A manticore (D:11)
  2 stone giant zombies
  2 tengu skeletons (Vaults:3)
  A shining eye (shapeshifter) (Vaults:4)
  25 moths of wrath
  4 griffons
  A sphinx skeleton (Vaults:3)
  A sixfirhy (Zot:4)
  The ghost of faibistes the Thaumaturge, an experienced DEWz (D:5)
  6 black mambas
  37 elephants
  A spriggan zombie (Depths:5)
  Maurice (D:8)
  An iron dragon skeleton (Depths:4)
  A fire giant skeleton (Depths:4)
  12 vault sentinels
  Joseph (Lair:1)
  3 eyes of devastation (Slime:6)
  4 torpor snails
  2 stone giant skeletons (Vaults:3)
  An orange demon (Vaults:3)
  23 spiny frogs
  2 small abominations
  Psyche (D:8)
  17 demonic crawlers
  A yaktaur (shapeshifter) (Depths:3)
  79 yaktaurs
  A human zombie (Vaults:3)
  A gargoyle (D:11)
  12 komodo dragons
  A hellion (Depths:5)
  A fire drake (shapeshifter) (Elf:2)
  6 freezing wraiths
  2 kobold demonologists (Vaults:1)
  A wandering mushroom (Lair:7)
  6 tengu conjurers
  A blue devil (Orc:4)
  3 fire drakes
  A yaktaur skeleton (Vaults:3)
  5 trolls
  28 deep elf priests
  A queen bee (Orc:3)
  7 polar bears
  A storm dragon simulacrum (Vaults:3)
  A red devil (Depths:5)
  34 jumping spiders
  8 giant leeches
  A blink frog (shapeshifter) (Vaults:4)
  Sonja (Spider:1)
  6 boulder beetles
  Grinder (D:6)
  3 wind drakes (Depths:5)
  A troll (shapeshifter) (Depths:2)
  30 two-headed ogres
  3 bog bodies
  A raven (shapeshifter) (Vaults:3)
  13 ravens
  A raiju (Lair:8)
  91 slime creatures
  A slime creature (shapeshifter) (Vaults:2)
  A fire giant simulacrum (Vaults:3)
  A frost giant simulacrum (Vaults:2)
  An iron dragon simulacrum (Depths:4)
  A sphinx simulacrum (Depths:4)
  2 baby alligators (shapeshifter) (Depths:1)
  6 basilisks
  7 baby alligators
  27 trapdoor spiders
  16 blink frogs
  52 redbacks
  2 vampires
  A centaur simulacrum (D:14)
  3 wraiths
  A raiju (shapeshifter) (Depths:3)
  An elf zombie (Depths:4)
  3 shadows
  3 ettin skeletons (Vaults:3)
  8 air elementals
  3 wyverns
  43 deep elf magi
  A yak (shapeshifter) (Vaults:1)
  73 yaks
  27 tarantellas
  56 deep elf fighters
  9 water elementals
  4 steam dragons
  A hungry ghost (D:15)
  Grum (Orc:1)
  6 hippogriffs
  A golden eye (shapeshifter) (Vaults:2)
  A soldier ant (D:13)
  15 wargs
  2 human simulacra
  22 wolves
  A spectral spiny frog (Swamp:5)
  Edmund (D:4)
  A neqoxec (Depths:5)
  34 vampire mosquitoes
  30 swamp worms
  7 mottled dragons
  2 sky beasts
  13 porcupines
  4 ice beasts
  74 orc warriors
  31 water moccasins
  3 hell hounds
  3 necrophages
  12 swamp drakes
  4 phantoms
  42 wasps
  A slave (D:6)
  10 black bears
  30 spiders
  6 eyes of draining
  27 crocodiles
  18 boggarts
  2 elf simulacra (Depths:4)
  65 ogres
  34 centaurs
  4 boring beetles
  Sigmund (D:6)
  27 giant frogs
  The ghost of faibistes the Magician, an average DEWz (D:3)
  2 yaktaur zombies
  15 big kobolds
  A gnoll sergeant (D:12)
  3 human skeletons
  7 scorpions
  2 electric eels (Spider:1)
  28 killer bees
  15 wights
  A goliath beetle (D:10)
  18 hounds
  2 quasits
  6 centaur skeletons
  7 crimson imps
  3 centaur zombies
  2 giant frog zombies
  32 orc wizards
  Crazy Yiuf (D:4)
  46 orc priests
  21 jellies
  4 elf skeletons
  A giant frog skeleton (D:4)
  19 iguanas
  A gnoll shaman (D:4)
  A spectral orc (Lair:5)
  7 worker ants
  A hell rat (Elf:1)
  23 sheep
  Ijyb (D:2)
  A hound zombie (D:6)
  2 worker ant zombies
  26 adders
  13 gnolls
  56 river rats
  2 shadow imps
  14 white imps
  A giant eyeball (shapeshifter) (Vaults:2)
  3 ufetubi (Orc:4)
  An adder zombie (D:7)
  An orc zombie (Orc:2)
  7 giant geckos
  An ooze (D:1)
  225 orcs
  2 ball pythons
  5 bat skeletons (Depths:3)
  A bat zombie (D:7)
  5 giant cockroaches
  18 hobgoblins
  17 jackals
  28 kobolds
  10 bats
  A giant gecko zombie (D:7)
  6 giant newts
  2 giant spores
  17 goblins
  An orc skeleton (Orc:2)
  10 quokkas
  9 rats
  2 ballistomycetes (D:13)
  A bush (Depths:3)
  10 fungi
  19 plants
3463 creatures vanquished.

Vanquished Creatures (collateral kills)
  A golden dragon (Zot:1)
  2 acid blobs (Slime:6)
  A storm dragon (Zot:3)
  A draconian monk (Zot:3)
  A deep elf sorcerer (Elf:3)
  An ironheart preserver (Vaults:5)
  2 draconian zealots
  A stone giant (Depths:4)
  A grey draconian (Zot:1)
  3 death oozes (Slime:6)
  A rakshasa (Depths:3)
  A quicksilver dragon skeleton (Depths:4)
  A death yak (Depths:5)
  A slime creature (Slime:6)
  An iron troll (Depths:4)
  A deep elf knight (Elf:2)
  An orc knight (Orc:3)
  A deep troll (Depths:3)
  A draconian zombie (Zot:1)
  A tengu conjurer (Depths:3)
  A yaktaur (Depths:4)
  2 blink frogs (Lair:4)
  3 polar bears (Lair:8)
  A shadow dragon simulacrum (Depths:4)
  A raven (Depths:3)
  A frost giant simulacrum (Depths:4)
  An air elemental (Depths:4)
  A deep elf mage (Elf:2)
  4 spriggans (Depths:3)
  A deep elf fighter (Elf:2)
  2 wolves (Lair:8)
  3 hell hounds (Lair:8)
  4 orc warriors
  A wasp (Depths:5)
  2 porcupines (D:11)
  A boggart (Depths:3)
  3 ogres
  4 black bears (Lair:8)
  A crocodile (Lair:8)
  A giant frog (D:11)
  A lightning spire (Lair:8)
  5 killer bees (Orc:3)
  A hound (Lair:4)
  3 jellies
  3 orc priests
  2 iguanas (D:4)
  A worker ant (D:3)
  A gnoll (Bailey)
  An adder (D:11)
  17 river rats
  23 orcs
  A bat skeleton (Depths:3)
  A kobold (D:11)
  A rat (D:11)
  5 fungi
  8 plants
136 creatures vanquished.

Vanquished Creatures (others)
  A deep elf death mage (Depths:4)
  A deep elf high priest (Elf:1)
  An unseen horror (Vaults:1)
  A necromancer (Depths:4)
  A deep elf conjurer (Vaults:1)
  A deathcap (Zot:5)
  A dryad (Elf:2)
  A tengu conjurer (D:10)
  395 fire vortices
  A swamp worm (Swamp:1)
  A slave (D:6)
  A centaur (Depths:2)
  4 lost souls (Elf:3)
  A giant frog (Lair:7)
  3 lightning spires
  3 crimson imps
  A hell rat (D:11)
  2 kobolds (D:6)
  A shadow imp (D:2)
  2 white imps (D:11)
  A quokka (D:6)
  A bat (D:6)
  A giant spore (D:14)
  8 bushes (Depths:3)
  37 fungi
  113 plants
  A snaplasher vine (Elf:2)
  299 snaplasher vine segments
884 creatures vanquished.

Grand Total: 4483 creatures vanquished

Notes
Turn   | Place    | Note
--------------------------------------------------------------
     0 | D:1      | faibistes, the Deep Elf Wizard, began the quest for the Orb.
     0 | D:1      | Reached XP level 1. HP: 10/10 MP: 6/6
   449 | D:1      | Reached XP level 2. HP: 15/15 MP: 1/10
   453 | D:1      | Learned a level 2 spell: Blink
   456 | D:1      | Learned a level 2 spell: Call Imp
   955 | D:2      | Noticed Ijyb
  1205 | D:2      | Reached skill level 5 in Spellcasting
  1205 | D:2      | Reached XP level 3. HP: 11/19 MP: 2/14
  1316 | D:2      | Learned a level 3 spell: Conjure Flame
  1320 | D:2      | Learned a level 3 spell: Mephitic Cloud
  1895 | D:2      | Found a basalt altar of Yredelemnul.
  1964 | D:2      | Noticed a fire elemental
  1966 | D:2      | Found a stormy altar of Qazlal.
  1967 | D:2      | Noticed an earth elemental
  1967 | D:2      | Noticed a water elemental
  1967 | D:2      | Noticed an air elemental
  2036 | D:2      | Killed Ijyb
  2121 | D:3      | Noticed faibistes' ghost (average DEWz)
  2770 | D:3      | Killed faibistes' ghost
  2770 | D:3      | Reached skill level 6 in Spellcasting
  2770 | D:3      | Reached XP level 4. HP: 13/24 MP: 0/18
  2874 | D:3      | Learned a level 2 spell: Repel Missiles
  2960 | D:2      | Reached XP level 5. HP: 28/28 MP: 15/20
  3295 | D:3      | Found a white marble altar of Elyvilon.
  4067 | D:3      | Reached XP level 6. HP: 19/32 MP: 2/22
  4491 | D:4      | Reached skill level 7 in Spellcasting
  4613 | D:5      | Entered Level 5 of the Dungeon
  4998 | D:4      | Noticed Crazy Yiuf
  5007 | D:4      | Killed Crazy Yiuf
  5007 | D:4      | Reached skill level 1 in Fighting
  5162 | D:4      | Noticed an ogre
  5174 | D:4      | Killed an ogre
  5174 | D:4      | Reached XP level 7. HP: 37/39 MP: 13/25
  5243 | D:4      | Noticed Edmund
  5254 | D:4      | Killed Edmund
  5254 | D:4      | Reached skill level 8 in Spellcasting
  5254 | D:4      | Reached skill level 1 in Evocations
  5392 | D:4      | Noticed a phantom
  5400 | D:4      | Killed a phantom
  5526 | D:4      | Reached skill level 5 in Dodging
  5842 | D:5      | Noticed faibistes' ghost (experienced DEWz)
  6010 | D:5      | Killed faibistes' ghost
  6010 | D:5      | Reached skill level 9 in Spellcasting
  6010 | D:5      | Reached XP level 8. HP: 42/46 MP: 17/28
  7043 | D:5      | Reached skill level 10 in Spellcasting
  7618 | D:5      | Found a staircase to the Ecumenical Temple.
  7628 | Temple   | Entered the Ecumenical Temple
  7714 | Temple   | Became a worshipper of Sif Muna the Loreminder
  8095 | D:6      | Noticed Sigmund
  8112 | D:6      | Killed Sigmund
  8178 | D:6      | Reached skill level 1 in Fire Magic
  8178 | D:6      | Reached skill level 1 in Air Magic
  8178 | D:6      | Reached XP level 9. HP: 46/52 MP: 14/30
  8473 | D:6      | Reached skill level 1 in Poison Magic
  8742 | D:6      | Got a polished long sword
  8743 | D:6      | Identified the +5 long sword "Pnohuvyd" {flame, +Inv Dex+4} (You found it on level 6 of the Dungeon)
  8812 | D:6      | Acquired Sif Muna's first power
  8944 | D:6      | Got a bloodstained trident
  8945 | D:6      | Identified the +2 trident of Phootuk {pierce, Dex+6} (You found it on level 6 of the Dungeon)
  9062 | D:6      | Noticed Grinder
  9069 | D:6      | Killed Grinder
  9240 | D:6      | Noticed Pikel
  9248 | D:6      | Killed Pikel
  9248 | D:6      | Acquired Sif Muna's second power
  9248 | D:6      | Reached skill level 11 in Spellcasting
  9248 | D:6      | Reached skill level 5 in Conjurations
  9901 | D:7      | Reached skill level 1 in Charms
 10164 | D:7      | Got a smoking garnet amulet
 10165 | D:7      | Identified the amulet of Winter {rCorr Str+4} (You found it on level 7 of the Dungeon)
 10201 | D:7      | Noticed a seven-headed hydra
 10230 | D:7      | Killed a seven-headed hydra
 10230 | D:7      | Reached skill level 1 in Invocations
 10230 | D:7      | Reached XP level 10. HP: 27/58 MP: 26/32
 10522 | D:7      | Found an iron altar of Okawaru.
 10724 | D:7      | Found a stormy altar of Qazlal.
 11106 | D:8      | Noticed Psyche
 11133 | D:8      | Killed Psyche
 11302 | D:9      | Learned a level 5 spell: Bolt of Magma
 11364 | D:9      | Found a flagged portal.
 11571 | Bailey   | Entered a bailey
 11919 | Bailey   | Noticed an orc knight
 12086 | Bailey   | Reached skill level 1 in Earth Magic
 12195 | Bailey   | Noticed an orc knight
 12224 | Bailey   | Killed an orc knight
 12229 | Bailey   | Killed an orc knight
 12229 | Bailey   | Reached skill level 5 in Evocations
 12313 | Bailey   | Noticed an orc knight
 12325 | Bailey   | Killed an orc knight
 12325 | Bailey   | Reached skill level 12 in Spellcasting
 12500 | Bailey   | Noticed an orc knight
 12514 | Bailey   | Killed an orc knight
 12608 | Bailey   | Noticed an orc knight
 12622 | Bailey   | Killed an orc knight
 12622 | Bailey   | Reached XP level 11. HP: 62/62 MP: 29/34
 12844 | D:10     | Entered Level 10 of the Dungeon
 13148 | D:11     | Found a staircase to the Lair.
 13168 | Lair:1   | Entered Level 1 of the Lair of Beasts
 13521 | D:9      | Learned a level 3 spell: Spider Form
 13706 | D:9      | Acquired Sif Muna's third power
 13865 | D:10     | Noticed a hill giant
 13882 | D:10     | Killed a hill giant
 13882 | D:10     | Reached skill level 1 in Transmutations
 13882 | D:10     | Reached skill level 5 in Fire Magic
 13897 | D:10     | Noticed Harold
 13903 | D:10     | Killed Harold
 14341 | D:11     | Reached skill level 5 in Fighting
 14918 | D:10     | Reached skill level 5 in Invocations
 15197 | D:8      | Noticed Maurice
 15401 | D:8      | Killed Maurice
 15650 | D:8      | Noticed Erolcha
 15668 | D:8      | Killed Erolcha
 15830 | D:8      | Reached skill level 5 in Charms
 16040 | D:8      | Found an opulent altar of Gozag.
 16040 | D:8      | Found a sacrificial altar of Ru.
 16376 | D:9      | Found a staircase to the Lair.
 16553 | D:10     | Noticed a hill giant
 16562 | D:10     | Killed a hill giant
 16630 | D:10     | Reached skill level 13 in Spellcasting
 16871 | D:10     | Reached XP level 12. HP: 68/68 MP: 13/35
 17183 | D:10     | Noticed a hill giant
 17188 | D:10     | Killed a hill giant
 17188 | D:10     | Reached skill level 5 in Earth Magic
 17490 | D:11     | Received a gift from Sif Muna
 17490 | D:11     | Reached skill level 5 in Translocations
 17490 | D:11     | Reached XP level 13. HP: 72/74 MP: 36/36
 17491 | D:11     | Identified Strophaok's Reference Book on Fiery Attacks (Sif Muna gifted it to you on level 11 of the Dungeon)
 18411 | D:11     | Found a roughly hewn altar of Beogh.
 18411 | D:11     | Found a staircase to the Orcish Mines.
 19025 | Lair:4   | Learned a level 5 spell: Summon Forest
 19233 | Lair:4   | Learned a level 4 spell: Summon Lightning Spire
 19383 | Lair:1   | Reached skill level 14 in Spellcasting
 19667 | Lair:1   | Noticed Joseph
 19676 | Lair:1   | Killed Joseph
 21211 | Lair:2   | Noticed Gastronok
 21221 | Lair:2   | Killed Gastronok
 21367 | Lair:2   | Received a gift from Sif Muna
 21737 | Lair:2   | Identified Zyetin's Compendium of Conjuration and the Arsonist (Sif Muna gifted it to you on level 2 of the Lair of Beasts)
 21939 | Lair:2   | Noticed Erica
 21942 | Lair:2   | Killed Erica
 22317 | Lair:2   | Reached XP level 14. HP: 80/80 MP: 23/38
 23807 | Lair:3   | Got a brightly glowing rapier
 23808 | Lair:3   | Identified the +10 rapier "Worm's Wrath" {venom, MR+} (You found it on level 3 of the Lair of Beasts)
 24310 | Lair:4   | Learned a level 4 spell: Airstrike
 24317 | Lair:4   | Learned a level 6 spell: Deflect Missiles
 24349 | Lair:4   | Found a hole to the Spider Nest.
 26177 | Lair:5   | Found a staircase to the Swamp.
 26549 | Lair:5   | Received a gift from Sif Muna
 26549 | Lair:5   | Reached skill level 15 in Spellcasting
 26550 | Lair:5   | Identified Sif Muna's Incunabulum of Flying Attacks (Sif Muna gifted it to you on level 5 of the Lair of Beasts)
 26711 | Lair:5   | Noticed Nergalle
 26714 | Lair:5   | Killed Nergalle
 27668 | Lair:2   | Learned a level 5 spell: Fireball
 27675 | Lair:2   | Learned a level 4 spell: Sticky Flame
 27872 | Lair:6   | Found a staircase to the Slime Pits.
 27872 | Lair:6   | Found a viscous altar of Jiyva.
 28101 | Lair:6   | Found a shimmering altar of Xom.
 28485 | Lair:8   | Entered Level 8 of the Lair of Beasts
 29247 | Lair:7   | Got a fine cloak
 29258 | Lair:7   | Identified the +1 cloak of Negation {rC++ rCorr Dex-5} (You found it on level 7 of the Lair of Beasts)
 30096 | Lair:8   | Noticed Snorg
 30100 | Lair:8   | Killed Snorg
 30636 | Lair:7   | Reached XP level 15. HP: 85/85 MP: 39/39
 31607 | Lair:8   | Noticed Maud
 31626 | Lair:8   | Killed Maud
 31913 | Lair:8   | Reached skill level 10 in Invocations
 31954 | Lair:8   | Received a gift from Sif Muna
 31954 | Lair:8   | Reached skill level 10 in Dodging
 31954 | Lair:8   | Reached XP level 16. HP: 92/92 MP: 40/40
 31955 | Lair:8   | Identified Sif Muna's Incunabulum of Ashen Attacks (Sif Muna gifted it to you on level 8 of the Lair of Beasts)
 31981 | Lair:8   | Reached skill level 16 in Spellcasting
 33734 | Lair:8   | Reached skill level 10 in Fire Magic
 33868 | Lair:8   | Reached skill level 10 in Conjurations
 34449 | Lair:8   | Reached skill level 10 in Earth Magic
 34887 | Orc:1    | Entered Level 1 of the Orcish Mines
 35055 | Orc:2    | Noticed Grum
 35293 | Orc:1    | Killed Grum
 35355 | Orc:2    | Noticed Urug
 35475 | Orc:2    | Killed Urug
 35609 | Orc:4    | Entered Level 4 of the Orcish Mines
 36332 | Orc:2    | Noticed Fannar
 36334 | Orc:2    | Killed Fannar
 36520 | Orc:4    | Found a staircase to the Elven Halls.
 36873 | Orc:1    | Found Momog's Quality Used Wands.
 37674 | Orc:3    | Found a roughly hewn altar of Beogh.
 37868 | Orc:3    | Found a deep blue altar of Sif Muna.
 37908 | Orc:3    | Identified Sif Muna's Almanac of Dark Magic (You found it on level 3 of the Orcish Mines)
 37953 | Orc:3    | Received a gift from Sif Muna
 37957 | Orc:3    | Identified Cerebov's Collected Works on Torrid Attacks (Sif Muna gifted it to you on level 3 of the Orcish Mines)
 39915 | Orc:4    | Found Reevanosh's Weapon Shoppe.
 39915 | Orc:4    | Found Gabonkoi's Distillery.
 39915 | Orc:4    | Found Goadaorr's Magic Scroll Emporium.
 39919 | Orc:4    | Found Klulu's Weapon Shoppe.
 39927 | Orc:4    | Bought a scroll of teleportation for 36 gold pieces
 39927 | Orc:4    | Bought 2 scrolls of fear for 84 gold pieces
 39927 | Orc:4    | Bought a scroll of blinking for 90 gold pieces
 39927 | Orc:4    | Bought a scroll of blinking for 90 gold pieces
 39930 | Orc:4    | Bought 2 potions of heal wounds for 130 gold pieces
 39930 | Orc:4    | Bought a potion of heal wounds for 65 gold pieces
 39930 | Orc:4    | Bought a potion of heal wounds for 65 gold pieces
 39930 | Orc:4    | Bought a potion of curing for 39 gold pieces
 39930 | Orc:4    | Bought a potion of heal wounds for 65 gold pieces
 39930 | Orc:4    | Bought a potion of curing for 39 gold pieces
 39930 | Orc:4    | Bought a potion of brilliance for 52 gold pieces
 39930 | Orc:4    | Bought a potion of cancellation for 104 gold pieces
 39931 | Orc:4    | Bought the cursed +0 short sword of Cheese {pierce, +Inv rPois SInv} for 358 gold pieces
 40112 | Lair:2   | Learned a level 6 spell: Iron Shot
 40209 | Elf:1    | Entered Level 1 of the Elven Halls
 41134 | Elf:1    | Reached skill level 17 in Spellcasting
 41136 | Elf:1    | Reached XP level 17. HP: 97/97 MP: 26/41
 41720 | Elf:1    | Received a gift from Sif Muna
 41721 | Elf:1    | Identified Sif Muna's Almanac of Absolutism (Sif Muna gifted it to you on level 1 of the Elven Halls)
 43784 | Elf:2    | Found a runed gate.
 43785 | Elf:2    | Found a runed gate.
 43785 | Elf:2    | Found a runed gate.
 44294 | Elf:2    | Noticed a deep elf blademaster
 44306 | Elf:2    | Killed a deep elf blademaster
 44306 | Elf:2    | Received a gift from Sif Muna
 44325 | Elf:2    | Identified Sif Muna's Almanac of Stones (Sif Muna gifted it to you on level 2 of the Elven Halls)
 45315 | Elf:2    | Reached skill level 18 in Spellcasting
 45789 | Lair:2   | Learned a level 7 spell: Ring of Flames
 45803 | Lair:2   | Learned a level 6 spell: Bolt of Fire
 45864 | Swamp:1  | Entered Level 1 of the Swamp
 46910 | Swamp:1  | Reached XP level 18. HP: 95/104 MP: 21/42
 47160 | Lair:2   | Learned a level 6 spell: Poisonous Cloud
 47409 | Swamp:2  | Received a gift from Sif Muna
 47424 | Swamp:2  | Identified Sif Muna's Almanac of Talismans (Sif Muna gifted it to you on level 2 of the Swamp)
 49358 | Swamp:2  | Noticed Norris
 49375 | Swamp:2  | Killed Norris
 49384 | Swamp:2  | Got an encrusted buckler
 49390 | Swamp:2  | Identified the +3 buckler of Resourcefulness {rPois rC+ Regen+ Str-2 Int+4} (You took it off Norris on level 2 of the Swamp)
 49898 | Swamp:2  | Reached skill level 10 in Charms
 50692 | Swamp:3  | Noticed Agnes
 50700 | Swamp:3  | Killed Agnes
 52128 | Swamp:5  | Entered Level 5 of the Swamp
 53108 | Swamp:5  | Received a gift from Sif Muna
 53109 | Swamp:5  | Identified Sif Muna's Reference Book on Warped Aid (Sif Muna gifted it to you on level 5 of the Swamp)
 54760 | Swamp:5  | Noticed the 27-headed Lernaean hydra
 54771 | Swamp:5  | Killed the 27-headed Lernaean hydra
 55049 | Swamp:5  | Got a decaying rune of Zot
 55666 | Spider:1 | Entered Level 1 of the Spider Nest
 55666 | Spider:1 | Noticed Rupert
 55667 | Spider:1 | Paralysed by Rupert for 6 turns
 55682 | Spider:1 | Killed Rupert
 55685 | Spider:1 | Noticed Sonja
 55686 | Spider:1 | Killed Sonja
 56339 | Spider:1 | Noticed Frances
 56342 | Spider:1 | Killed Frances
 56342 | Spider:1 | Reached skill level 19 in Spellcasting
 56368 | Spider:1 | Received a gift from Sif Muna
 56841 | Spider:2 | Reached XP level 19. HP: 110/110 MP: 33/44
 58275 | Lair:2   | Learned a level 5 spell: Iskenderun's Battlesphere
 58281 | Lair:2   | Learned a level 4 spell: Summon Lightning Spire
 58286 | Lair:2   | Learned a level 4 spell: Airstrike
 58408 | Spider:2 | Learned a level 5 spell: Ignite Poison
 59736 | Spider:3 | Noticed Arachne
 59749 | Spider:3 | Killed Arachne
 61900 | Spider:5 | Entered Level 5 of the Spider Nest
 62050 | Spider:5 | Received a gift from Sif Muna
 62066 | Spider:5 | Identified Sif Muna's Incunabulum of Conjuration (Sif Muna gifted it to you on level 5 of the Spider Nest)
 64078 | Spider:5 | Reached skill level 20 in Spellcasting
 64958 | Spider:5 | Got a gossamer rune of Zot
 66962 | D:13     | Received a gift from Sif Muna
 66963 | D:13     | Identified Sif Muna's Guide on Clay (Sif Muna gifted it to you on level 13 of the Dungeon)
 67141 | D:13     | Learned a level 4 spell: Force Lance
 67414 | D:13     | Reached XP level 20. HP: 117/117 MP: 3/45
 67693 | D:14     | Found a shattered altar of Ashenzari.
 68104 | D:13     | Found a gate to the Vaults.
 68245 | D:15     | Entered Level 15 of the Dungeon
 68896 | D:14     | Reached skill level 15 in Conjurations
 69173 | D:14     | Reached skill level 15 in Fire Magic
 69537 | D:15     | Reached skill level 10 in Fighting
 69697 | D:15     | Found a snail-covered altar of Cheibriados.
 70682 | D:15     | Found a staircase to the Depths.
 71147 | Lair:2   | Learned a level 4 spell: Airstrike
 71585 | D:15     | Found Qeagger's Antique Armour Shop.
 71791 | Vaults:1 | Entered Level 1 of the Vaults
 71840 | Vaults:1 | Reached skill level 15 in Earth Magic
 71959 | Vaults:1 | Received a gift from Sif Muna
 72082 | Vaults:1 | Identified Sif Muna's Reference Book on Battle Magic (Sif Muna gifted it to you on level 1 of the Vaults)
 73053 | Vaults:1 | Cast into the Abyss (a deep elf sorcerer)
 73108 | Vaults:1 | Escaped the Abyss
 73325 | Vaults:1 | Reached skill level 21 in Spellcasting
 74708 | Vaults:1 | Got a translucent buckler
 74719 | Vaults:1 | Identified the +2 buckler of Vlad {rPois rF+ rN++} (You found it on level 1 of the Vaults)
 75728 | Vaults:2 | Reached XP level 21. HP: 105/123 MP: 44/46
 75729 | Vaults:2 | Received a gift from Sif Muna
 75730 | Vaults:2 | Identified Debbeaje's Almanac of Aerial Displacement (Sif Muna gifted it to you on level 2 of the Vaults)
 75822 | Vaults:2 | Found Haopuen's Antique Armour Shoppe.
 75868 | Vaults:2 | Bought a ripped robe for 205 gold pieces
 75880 | Vaults:2 | Identified the +0 robe of the Blind Marksman {Str+4 Int+3} (You bought it in a shop on level 2 of the Vaults)
 78294 | Vaults:2 | Received a gift from Sif Muna
 78295 | Vaults:2 | Identified Qemuapen's Papyrus of Attacks (Sif Muna gifted it to you on level 2 of the Vaults)
 79588 | Vaults:2 | Reached skill level 22 in Spellcasting
 80028 | Vaults:3 | Noticed Jorgrun
 80032 | Vaults:3 | Killed Jorgrun
 81124 | Vaults:3 | Received a gift from Sif Muna
 81125 | Vaults:3 | Identified Fimory's Collected Works on Poisonous Confrontation (Sif Muna gifted it to you on level 3 of the Vaults)
 81830 | Vaults:3 | Reached XP level 22. HP: 130/130 MP: 46/47
 81880 | Vaults:3 | Found a roughly hewn altar of Beogh.
 83170 | Vaults:4 | Received a gift from Sif Muna
 83171 | Vaults:4 | Identified Sif Muna's Incunabulum of Arcane Weapons (Sif Muna gifted it to you on level 4 of the Vaults)
 83335 | Vaults:3 | Found a staircase to the Crypt.
 84585 | Vaults:4 | Paralysed by a great orb of eyes for 7 turns
 84810 | Vaults:4 | Identified the Tome of Earth and Shape Shifting
 85577 | Lair:2   | Learned a level 8 spell: Lehudib's Crystal Spear
 85764 | Depths:1 | Entered Level 1 of the Depths
 86652 | Depths:1 | Received a gift from Sif Muna
 86653 | Depths:1 | Identified Sif Muna's Disquisition on Burning Blows and Bruises (Sif Muna gifted it to you on level 1 of the Depths)
 86836 | Depths:2 | Noticed Margery
 86952 | Depths:2 | HP: 4/131 [fire giant/fireball (19)]
 86957 | Depths:1 | HP: 4/131 [poisoned by a centaur]
 86962 | Depths:1 | HP: 6/131 [poisoned by a centaur]
 87187 | Depths:1 | Killed Margery
 87187 | Depths:1 | Reached skill level 23 in Spellcasting
 87822 | Depths:2 | Found a gateway to Hell.
 88213 | Depths:1 | Found a one-way gate to the infinite horrors of the Abyss.
 88297 | Depths:1 | Reached XP level 23. HP: 136/136 MP: 25/48
 89423 | Depths:1 | Received a gift from Sif Muna
 89583 | Depths:2 | Noticed Mara
 89589 | Depths:2 | Killed Mara
 89590 | Depths:2 | Noticed faibistes' illusion
 89590 | Depths:2 | Killed Mara
 90507 | Depths:2 | Identified a scroll of acquirement
 90895 | Depths:2 | Found a gateway to a ziggurat.
 91382 | Lair:2   | Learned a level 9 spell: Fire Storm
 91390 | Lair:2   | Learned a level 6 spell: Freezing Cloud
 91402 | Lair:2   | Learned a level 9 spell: Shatter
 91810 | Depths:3 | Received a gift from Sif Muna
 91811 | Depths:3 | Identified Sif Muna's Disquisition on the Voyage and Enhancements (Sif Muna gifted it to you on level 3 of the Depths)
 92465 | Depths:3 | Noticed the Enchantress
 92468 | Depths:3 | Killed the Enchantress
 92655 | Depths:3 | Got a faerie dragon armour
 92666 | Depths:3 | Identified the +5 faerie dragon armour {rPois rN+ HP+5 Dex-4} (You took it off the Enchantress on level 3 of the Depths)
 93976 | Depths:3 | Found a bloodstained altar of Trog.
 94253 | Depths:4 | Reached skill level 24 in Spellcasting
 94287 | Depths:4 | Noticed an ancient lich
 94479 | Depths:4 | Killed an ancient lich
 94811 | Depths:4 | Reached XP level 24. HP: 142/142 MP: 22/49
 94977 | Depths:4 | Received a gift from Sif Muna
 94978 | Depths:4 | Identified Sif Muna's Handbook of the Voyage (Sif Muna gifted it to you on level 4 of the Depths)
 95467 | Depths:3 | Found a one-way gate leading to the halls of Pandemonium.
 97289 | Depths:5 | Entered Level 5 of the Depths
 97289 | Depths:5 | Noticed Jory
 97301 | Depths:4 | Killed Jory
 98353 | Depths:5 | Received a gift from Sif Muna
 98354 | Depths:5 | Identified Shueref's Guide on the Compass and the Escort (Sif Muna gifted it to you on level 5 of the Depths)
 99246 | Depths:4 | Found an ancient bone altar of Kikubaaqudgha.
100405 | Depths:4 | Found a runed door.
100842 | Depths:5 | Received a gift from Sif Muna
101977 | Depths:4 | Got a faintly glowing pewter amulet
101978 | Depths:4 | Identified the amulet "Ismu" {rMut Str+2 Dex-2 Stlth+} (You found it on level 4 of the Depths)
102532 | Depths:5 | Reached skill level 25 in Spellcasting
102638 | Depths:5 | Reached XP level 25. HP: 148/148 MP: 49/49
103637 | Depths:5 | Received a gift from Sif Muna
103640 | Depths:5 | Identified Sif Muna's Papyrus of Ashen Shape Shifting (Sif Muna gifted it to you on level 5 of the Depths)
104517 | Depths:5 | Found a gate to the Realm of Zot.
105780 | Elf:3    | Entered Level 3 of the Elven Halls
106340 | Elf:3    | Reached skill level 1 in Ice Magic
107149 | Elf:3    | Received a gift from Sif Muna
107494 | Elf:3    | Got a warped crystal amulet
107511 | Elf:3    | Identified the amulet "Trouqiat" {Stasis rC+ MP+9 Str-3} (You took it off a deep elf mage on level 3 of the Elven Halls)
107875 | Elf:3    | Reached skill level 5 in Ice Magic
108186 | Elf:3    | Got a crude helmet
108197 | Elf:3    | Identified the +2 helmet "Skorrio" {rPois Int+2} (You found it on level 3 of the Elven Halls)
108465 | Elf:3    | Identified the Incunabulum of Noxious Confrontation
108474 | Elf:3    | Identified Sif Muna's Papyrus of Unholy Rites and Creation
108675 | Lair:2   | Learned a level 8 spell: Death's Door
109337 | Vaults:5 | Entered Level 5 of the Vaults
109338 | Vaults:5 | Reached skill level 1 in Necromancy
109339 | Vaults:5 | Received a gift from Sif Muna
109339 | Vaults:5 | Reached XP level 26. HP: 156/156 MP: 50/50
109341 | Vaults:5 | Identified Sif Muna's Guide on the Entourage (Sif Muna gifted it to you on level 5 of the Vaults)
109522 | Vaults:5 | Reached skill level 26 in Spellcasting
110168 | Vaults:5 | Received a gift from Sif Muna
110168 | Vaults:5 | Reached skill level 5 in Necromancy
110169 | Vaults:5 | Identified Sif Muna's Collected Works on Dusty Moulding (Sif Muna gifted it to you on level 5 of the Vaults)
110304 | Vaults:5 | Noticed an ancient lich
110306 | Vaults:5 | Killed an ancient lich
111269 | Vaults:5 | Got a transparent turquoise ring
111270 | Vaults:5 | Identified the ring of Xime {rF+ rC+ MR+ Str+4 Int+3} (You took it off a deep elf death mage on level 5 of the Vaults)
111920 | Vaults:5 | Got a scorched ivory amulet
112095 | Vaults:5 | Received a gift from Sif Muna
112096 | Vaults:5 | Identified Sif Muna's Guide on Transmigration (Sif Muna gifted it to you on level 5 of the Vaults)
112098 | Vaults:5 | Identified the amulet "Quymuuth" {Ward rF++ rN+ Str+3 Slay-6} (You took it off a yaktaur on level 5 of the Vaults)
112222 | Vaults:5 | Found Pnuameoh's Distillery.
112227 | Vaults:5 | Bought a potion of curing for 51 gold pieces
112227 | Vaults:5 | Bought a potion of restore abilities for 85 gold pieces
112264 | Vaults:5 | Got a steaming bronze ring
112265 | Vaults:5 | Identified the ring of Reov {Ice rPois rN+ MR+ Int-5 Dex-5} (You found it on level 5 of the Vaults)
112345 | Vaults:5 | Got a vibrating marble ring
112350 | Vaults:5 | Identified the ring "Joaquoca" {AC+4 Str+5 Stlth-} (You took it off a yaktaur on level 5 of the Vaults)
112355 | Vaults:5 | Got a silver rune of Zot
112398 | Vaults:5 | Reached skill level 10 in Translocations
113461 | Slime:1  | Entered Level 1 of the Pits of Slime
114109 | Slime:4  | Gained mutation: You expend magic power (3 MP) to slightly strengthen your wands. [a shining eye]
114483 | Slime:6  | Entered Level 6 of the Pits of Slime
114516 | Slime:6  | Received a gift from Sif Muna
114517 | Slime:6  | Identified Sif Muna's Disquisition on Darkness (Sif Muna gifted it to you on level 6 of the Pits of Slime)
114710 | Slime:6  | Reached XP level 27. HP: 157/162 MP: 37/50
114716 | Slime:6  | Noticed the royal jelly
114718 | Slime:6  | Killed the royal jelly
115641 | Slime:6  | Got a shimmering whip
115642 | Slime:6  | Identified the cursed -1 whip "Kanairiaz" {freeze, Int+2} (You found it on level 6 of the Pits of Slime)
115674 | Slime:6  | Got a slimy rune of Zot
115689 | Slime:6  | Identified a +7 rod of clouds (14/14) (You found it on level 6 of the Pits of Slime)
115721 | Slime:6  | Identified Wuceet's Collected Works on the Quantum Blaze
116248 | Zot:1    | Entered Level 1 of the Realm of Zot
116265 | Zot:1    | Received a gift from Sif Muna
116266 | Zot:1    | Identified Khufu's Disquisition on Evil (Sif Muna gifted it to you on level 1 of the Realm of Zot)
117156 | Zot:1    | Lost mutation: You expend magic power (3 MP) to slightly strengthen your wands. [a Zot trap]
117507 | Zot:1    | Reached skill level 10 in Ice Magic
118032 | Zot:1    | Reached skill level 10 in Necromancy
118301 | Zot:1    | Learned a level 8 spell: Necromutation
118430 | Zot:2    | Received a gift from Sif Muna
118569 | Zot:2    | Reached skill level 27 in Spellcasting
119752 | Zot:3    | Reached skill level 5 in Transmutations
120343 | Zot:2    | Received a gift from Sif Muna
123068 | Zot:4    | Received a gift from Sif Muna
124002 | Zot:4    | Got a slimy golden ring
124003 | Zot:4    | Identified the ring "Mitosoda" {rF+ rC+++ Str-4 Dex-4} (You took it off a purple draconian on level 4 of the Realm of Zot)
124339 | Zot:4    | Received a gift from Sif Muna
124340 | Zot:4    | Identified Sif Muna's Collected Works on the Escort (Sif Muna gifted it to you on level 4 of the Realm of Zot)
125189 | Zot:5    | Entered Level 5 of the Realm of Zot
125582 | Zot:5    | Found a huge runed gate.
125582 | Zot:5    | Found a huge runed gate.
125583 | Zot:5    | Found a huge runed gate.
125583 | Zot:5    | Found a huge runed gate.
125584 | Zot:5    | Found a huge runed gate.
125591 | Zot:5    | Noticed an orb of fire
125595 | Zot:5    | Mangled by a Killer Klown

Action                   |  1- 3 |  4- 6 |  7- 9 | 10-12 | 13-15 | 16-18 | 19-21 | 22-24 | 25-27 || total
-------------------------+-------+-------+-------+-------+-------+-------+-------+-------+-------++-------
Melee: Short sword       |     4 |       |       |       |       |       |       |       |       ||     4
       Dagger            |     4 |     8 |    42 |       |       |       |       |       |       ||    54
       Staff             |       |       |       |     5 |    14 |    22 |    14 |     1 |     2 ||    58
 Cast: Magic Dart        |   124 |   100 |   320 |   360 |    26 |     1 |       |       |       ||   931
       Call Imp          |     8 |     4 |     1 |    18 |       |       |       |       |       ||    31
       Conjure Flame     |     3 |     8 |    36 |    70 |    80 |    33 |       |       |       ||   230
       Mephitic Cloud    |     1 |    14 |    26 |    34 |    10 |     3 |       |       |       ||    88
       Repel Missiles    |       |     1 |     1 |     1 |     1 |       |       |       |       ||     4
       Blink             |       |     2 |     7 |    16 |    23 |    33 |     4 |    12 |     2 ||    99
       Bolt of Magma     |       |       |       |   117 |   348 |    72 |       |       |       ||   537
       Summon Forest     |       |       |       |       |     5 |     8 |       |       |       ||    13
       Fireball          |       |       |       |       |    83 |   494 |   200 |    89 |       ||   866
       Sticky Flame      |       |       |       |       |    63 |   125 |    27 |       |       ||   215
       Airstrike         |       |       |       |       |    16 |   134 |     6 |    19 |    29 ||   204
       Summon Lightning  |       |       |       |       |     1 |    18 |       |       |       ||    19
       Deflect Missiles  |       |       |       |       |     1 |     2 |     9 |     5 |     3 ||    20
       Iron Shot         |       |       |       |       |       |    14 |   137 |    50 |       ||   201
       Bolt of Fire      |       |       |       |       |       |   156 |   448 |   303 |   187 ||  1094
       Ring of Flames    |       |       |       |       |       |    29 |    59 |    23 |    16 ||   127
       Poisonous Cloud   |       |       |       |       |       |     4 |    43 |     6 |       ||    53
       Ignite Poison     |       |       |       |       |       |       |   108 |     6 |       ||   114
       Iskenderun's Batt |       |       |       |       |       |       |     1 |       |       ||     1
       Force Lance       |       |       |       |       |       |       |     8 |    37 |    11 ||    56
       Lehudib's Crystal |       |       |       |       |       |       |       |   131 |   136 ||   267
       Fire Storm        |       |       |       |       |       |       |       |   107 |   247 ||   354
       Shatter           |       |       |       |       |       |       |       |     6 |    58 ||    64
       Freezing Cloud    |       |       |       |       |       |       |       |     5 |     7 ||    12
       Death's Door      |       |       |       |       |       |       |       |       |     1 ||     1
Invok: Channel Energy    |       |       |       |     4 |    15 |    49 |    85 |    52 |    93 ||   298
       Forget Spell      |       |       |       |       |     2 |       |     3 |     5 |     1 ||    11
 Abil: Evoke Invisibilit |       |       |     1 |     2 |       |       |     4 |       |       ||     7
Evoke: Wand              |       |       |       |       |       |     5 |       |     8 |     1 ||    14
       Lamp of fire      |       |       |       |       |       |       |       |     1 |       ||     1
  Use: Scroll            |       |     5 |     6 |    20 |    11 |    11 |    11 |    10 |    13 ||    87
       Potion            |       |       |       |     3 |     5 |     8 |     7 |     8 |     8 ||    39
 Stab: Confused          |       |       |     2 |       |       |       |       |       |       ||     2
  Eat: Chunk             |     3 |     5 |    15 |    29 |    37 |    73 |    81 |    58 |    13 ||   314
       Bread ration      |     1 |       |       |       |       |       |       |       |    11 ||    12
       Fruit             |       |       |       |     2 |       |     8 |     4 |    21 |     3 ||    38
       Meat ration       |       |       |       |       |     1 |       |       |       |     2 ||     3
       Beef jerky        |       |       |       |       |     2 |     2 |     2 |     1 |     4 ||    11
       Pizza             |       |       |       |       |     1 |     1 |     2 |     1 |     3 ||     8
